 Dungeon Crawl Stone Soup version 0.28-a0-1412-gf95308ed99 (webtiles) character file.

Game seed: 14431880276749629271

505 Hasart the Caller (level 7, -6/38 HPs)
             Began as a Kobold Summoner on Jan 6, 2022.
             Mangled by a yak (12 damage)
             ... on level 3 of the Dungeon.
             The game lasted 00:10:14 (5235 turns).

Hasart the Caller (Kobold Summoner)                 Turns: 5235, Time: 00:10:15

Health: -6/38      AC:  2    Str:  5    XL:     7   Next: 41%
Magic:  0/12       EV: 15    Int: 18    God:
Gold:   138        SH:  0    Dex: 16    Spells: 7/13 levels left

rFire   . . .      SeeInvis .   d - +0 quarterstaff
rCold   . . .      Faith    .   (shield currently unavailable)
rNeg    . . .      Spirit   .   a - +0 robe
rPois   .          Reflect  .   (no helmet)
rElec   .          Harm     .   (no cloak)
rCorr   .          Rampage  .   (no gloves)
Will    .....                   (no boots)
Stlth   +++.......              (no amulet)
HPRegen 0.12/turn               (no ring)
MPRegen 0.13/turn               (no ring)

@: no status effects
A: small, no large weapons, nightstalker 3
a: no special abilities


You were on level 3 of the Dungeon.
You visited 1 branch of the dungeon, and saw 4 of its levels.

You collected 138 gold pieces.

Inventory:

Hand Weapons
 d - a +0 quarterstaff (weapon)
Armour
 a - a +0 robe (worn)
Wands
 p - a wand of flame (16)
Scrolls
 e - 2 scrolls of identify {unknown}
 g - 2 scrolls of enchant weapon {unknown}
 h - a scroll of torment {unknown}
 i - 2 scrolls of teleportation {unknown}
 n - a scroll of vulnerability {unknown}
 o - a scroll of magic mapping {unknown}
 r - a scroll of blinking {unknown}
Potions
 b - a potion of ambrosia {unknown}
 c - 3 potions of haste {unknown}
 f - 3 potions of attraction {unknown}
 j - 2 potions of heal wounds {unknown}
 k - 2 potions of brilliance {unknown}
 l - a potion of lignification {unknown}
 m - 2 potions of curing {unknown}
 q - a potion of magic {unknown}


   Skills:
 + Level 1.4 Fighting
 + Level 3.0 Staves
 - Level 2.4 Dodging
 - Level 2.6 Stealth
 + Level 1.1 Unarmed Combat
 + Level 3.7 Spellcasting
 * Level 6.5 Summonings


You had 7 spell levels left.
You knew the following spells:

 Your Spells              Type           Power      Damage    Failure   Level
a - Call Imp              Summ           26%        N/A       1%          2
b - Summon Small Mammal   Summ           100%       N/A       1%          1
c - Call Canine Familiar  Summ           26%        N/A       3%          3

Your spell library contained the following spells:

 Spells                   Type           Power      Damage    Failure   Level
 Summon Guardian Golem    Hex/Summ       15%        N/A       12%         3
 Summon Lightning Spire   Summ/Air       15%        N/A       36%         4


Dungeon Overview and Level Annotations

Branches:
Dungeon (4/15)
 Temple: D:4-7

Altars:
Yredelemnul


Innate Abilities, Weirdness & Mutations

You are small and have problems with some larger weapons.
You are completely attuned to the shadows.


Message History

Anything else - Cancel.
Gang up on whom?
Press: ? - help, Dir - move target, f - yak
Aim: a yak Attack!
The yak barely misses your iron imp.
Your iron imp hits the yak.
You are too injured to fight recklessly!
Unknown command.
Your hound closely misses the yak.
The yak gores your iron imp. The yak gores your hound!
Your iron imp hits the yak!
Your hound bites the yak.
Unknown command.
Your hound bites the yak.
The yak gores your iron imp but does no damage.
Unknown command.
Your hound bites the yak but does no damage.
Your iron imp hits the yak.
The yak completely misses your iron imp.
The yak gores your iron imp.
Your hound bites the yak.
There is a stone staircase leading up here.
Unknown command.
The yak gores your iron imp!
Your iron imp dies!
Your iron imp disappears in a puff of smoke!
The yak gores you!
* * * LOW HITPOINT WARNING * * *
Your hound completely misses the yak.
You climb upwards.
There is a stone staircase leading down here.
Casting: Call Canine Familiar (dangerous; 3% risk of failure)
Confirm with . or Enter, or press ? or * to list all spells.
The yak gores you.
* * * LOW HITPOINT WARNING * * *
Your hound closely misses the yak.
Your hound closely misses the yak.
Your hound barely misses the yak.
Your hound bites the yak.
Casting: Call Canine Familiar (dangerous; 3% risk of failure)
Confirm with . or Enter, or press ? or * to list all spells.
A beastly little devil appears in a puff of flame.
The yak gores you!
You die...

.#.#.##..##........≈≈≈P≈≈≈≈≈≈≈P≈♣
.....##.#######...#♣♣≈≈≈≈≈≈≈≈≈≈≈≈
........# ###..♣≈≈P≈≈≈≈≈≈≈≈≈♣
.......## ##.≈≈≈≈≈≈≈≈≈P≈≈≈♣
......## ###♣≈≈P≈≈P≈≈≈♣≈≈ .....##
#♣≈P≈≈PP≈≈≈≈P♣ ..<..##
#≈♣P≈≈≈P♣≈≈≈♣♣
......##############♣P≈≈≈≈≈≈≈≈♣≈#
..........>...hY@.5..♣♣≈≈≈≈P≈≈♣♣#
......###############P≈P≈≈P≈≈♣♣
.....## #######≈≈♣≈≈P≈♣ ....##
#.......#≈♣♣≈♣# ########
#.......##≈♣≈#
.......#########.......######
######............<....#
###########.......# #.......#


You could see a yak (ally target), a friendly hound (summoned) and a friendly
crimson imp (summoned).

Vanquished Creatures
  An orc priest (D:4)
  A worm (D:2)
  2 dart slugs (D:1)
  3 orcs
  3 ball pythons (D:1)
  4 endoplasms
  2 giant cockroaches
  6 goblins
  6 hobgoblins
  2 quokkas
  2 bats (D:1)
  3 kobolds
  4 rats
39 creatures vanquished.

Vanquished Creatures (collateral kills)
  A yak (D:4)
  An ogre (D:4)
  A gnoll shaman (D:4)
  An orc priest (D:3)
  A centaur skeleton (D:4)
  An iguana (D:4)
  3 adders
  3 gnolls (D:4)
  An adder skeleton (D:4)
  A worm (D:2)
  3 orcs
  2 bats (D:1)
  An endoplasm (D:2)
  2 goblins (D:4)
  A hobgoblin (D:1)
  2 kobolds
  A quokka (D:2)
26 creatures vanquished.

Vanquished Creatures (others)
  8 plants (D:3)
8 creatures vanquished.

Grand Total: 73 creatures vanquished

Notes
Turn   | Place    | Note
-------+----------+-------------------------------------------
     0 | D:1      | Hasart the Kobold Summoner began the quest for the Orb.
     0 | D:1      | Reached XP level 1. HP: 10/10 MP: 3/3
   581 | D:1      | Reached XP level 2. HP: 15/15 MP: 3/5
   584 | D:1      | Learned a level 2 spell: Call Imp
  1142 | D:1      | Reached XP level 3. HP: 19/19 MP: 6/6
  1146 | D:1      | Learned a level 3 spell: Call Canine Familiar
  1329 | D:2      | Reached skill level 1 in Unarmed Combat
  2233 | D:2      | Reached skill level 1 in Staves
  2372 | D:2      | Reached XP level 4. HP: 22/24 MP: 5/7
  3669 | D:4      | Reached XP level 5. HP: 21/28 MP: 2/8
  3782 | D:4      | Noticed an ogre
  3796 | D:4      | Killed an ogre
  3797 | D:4      | Reached skill level 1 in Fighting
  3797 | D:4      | Reached skill level 5 in Summonings
  3797 | D:4      | Reached XP level 6. HP: 33/34 MP: 5/10
  3889 | D:4      | Found a basalt altar of Yredelemnul.
  4907 | D:4      | Noticed a yak
  4908 | D:4      | Noticed a yak
  4909 | D:4      | Noticed a yak
  4978 | D:4      | Killed a yak
  4979 | D:4      | Reached skill level 6 in Summonings
  4979 | D:4      | Reached XP level 7. HP: 21/38 MP: 1/12
  5220 | D:4      | Noticed a yak
  5235 | D:3      | Mangled by a yak

Illustrated notes

Levels and vault maps discovered:
D:1:      matt_arrival_grand_opening, layout_rooms
D:2:      layout_loops_ring, st_stairs_8
D:3:      layout_rooms, serial_bayou, serial_bayou_ford_a, serial_bayou_lake_a,
          serial_bayou_pond_a, serial_bayou_pond_e, st_stairs_4,
          minmay_misc_feat_doors
D:4:      layout_basic, kennysheep_mini_moat, minmay_temple_entry_statues,
          ebering_ghost_disaster_area, uniq_blork_the_orc

Skill      XL: |  1  2  3  4  5  6 |
---------------+-------------------+-----
Unarmed Combat | 1 |  1.1
Staves         | 1 2 3 |  3.0
Fighting       | 1 |  1.4
Summonings     | 5 6 |  6.5
Spellcasting   | 3 |  3.7
Dodging        | |  2.4
Stealth        | |  2.6

Action                   |  1- 3 |  4- 6 |  7- 9 || total
-------------------------+-------+-------+-------++-------
Melee: Unarmed           |    62 |       |       ||    62
       Punch             |     1 |       |       ||     1
       Quarterstaff      |    64 |    56 |     5 ||   125
 Cast: Summon Small Mamm |     2 |       |       ||     2
       Call Imp          |     6 |     7 |     2 ||    15
       Call Canine Famil |     2 |    19 |     4 ||    25
Evoke: Wand              |       |     1 |       ||     1
 Stab: Sleeping          |    12 |     3 |       ||    15
Armor: Robe              |    16 |     6 |       ||    22
Dodge: Dodged            |   106 |    49 |     3 ||   158

Table legend: (Time is in decaauts)
 A = Elapsed time spent in this place.
 B = Non-inter-level travel time spent in this place.
 C = Inter-level travel time spent in this place.
 D = Time resting spent in this place.
 E = Time spent auto-exploring this place.
 F = Levels seen in this place.
 G = Mean time per level.
                   A        B        C        D        E       F      G
               +--------+--------+--------+--------+--------+-----+--------+
         Total |   5327 |   5151 |    176 |    936 |   3434 |   4 | 1331.8 |
       Dungeon |   5327 |   5151 |    176 |    936 |   3434 |   4 | 1331.8 |
               +--------+--------+--------+--------+--------+-----+--------+

Top non-repeatable levels by time:
     D:3: 1758 daAuts
     D:1: 1325 daAuts
     D:2: 1225 daAuts
     D:4: 1017 daAuts
